 Dungeon Crawl Stone Soup version 0.26-a0-712-ga5a9c9c9d0 (webtiles) character file.

Game seed: 1452696785245302879

21 FrothyCoffee the Ruffian (level 2, -1/25 HPs)
             Began as a Naga Transmuter on Nov 10, 2020.
             Slain by an adder (3 damage)
             ... on level 2 of the Dungeon.
             The game lasted 00:05:42 (1182 turns).

FrothyCoffee the Ruffian (Naga Transmuter)          Turns: 1182, Time: 00:05:43

Health: -1/25      AC:  1    Str: 12    XL:     2   Next: 83%
Magic:  5/5        EV: 10    Int: 13    God:
Gold:   53         SH:  0    Dex: 11    Spells: 2/5 levels left

rFire    . . .     SeeInvis +     - Unarmed
rCold    . . .     Faith    .   (no shield)
rNeg     . . .     Spirit   .   a - +0 robe
rPois    +         Reflect  .   (no helmet)
rElec    .         Harm     .   (no cloak)
rCorr    .         Rampage  .   (no gloves)
MR       .....                  (no barding)
Stlth    ++........             (no amulet)
HPRegen  0.08/turn              (no ring)
MPRegen  0.09/turn              (no ring)

@: lethally poisoned (-1 -> -5), very slow
A: large, see invisible, deformed body, poison resistance, slowness 2, spit
poison 1, AC +0
a: Spit Poison


You were on level 2 of the Dungeon.
You visited 1 branch of the dungeon, and saw 2 of its levels.

You collected 53 gold pieces.

Inventory:

Missiles
 b - 31 stones
 e - 15 poisoned darts (quivered)
 i - 6 atropa-tipped darts
 k - 23 arrows
Armour
 a - a +0 robe (worn)
Scrolls
 c - 2 scrolls of fear {unknown}
 h - a scroll of fog {unknown}
Potions
 g - a potion of mutation


   Skills:
 + Level 1.2 Fighting
 - Level 1.5 Dodging
 + Level 1.5 Stealth
 + Level 3.1 Unarmed Combat
 + Level 2.1 Spellcasting
 * Level 2.4 Transmutations


You had 2 spell levels left.
You knew the following spells:

 Your Spells              Type           Power        Failure   Level
a - Beastly Appendage     Tmut           #.....       9%          1
b - Wereblood             Tmut           #.......     14%         2

Your spell library contained the following spells:

 Spells                   Type           Power        Failure   Level
 Spider Form              Tmut/Pois      #.........   41%         3
 Ice Form                 Ice/Tmut       #.......     83%         4
 Blade Hands              Tmut           #.........   94%         5


Dungeon Overview and Level Annotations

Branches:
Dungeon (2/15)

Altars:
Ashenzari

Annotations:
D:2 Sigmund


Innate Abilities, Weirdness & Mutations

You cannot wear boots.
Your serpentine skin is tough. (AC +0)
You have supernaturally acute eyesight. (SInv)
Armour fits poorly on your strangely shaped body.
Your system is resistant to poisons. (rPois)
You cover ground very slowly.
You can spit poison.


Message History

The adder bites you. x2
* * * LOW HITPOINT WARNING * * *
Sigmund closely misses you. The adder barely misses you.
The adder closely misses you.
You feel less invigorated.
You feel less confused.
You feel sick. The adder bites you. Sigmund barely misses you.
The adder bites you but does no damage. The adder bites you.
The adder bites you but does no damage. The adder barely misses you.
Sigmund gestures at you while chanting. The puff of flame misses you.
The puff of flame hits the adder.
The adder bites you.
* * * LOW HITPOINT WARNING * * *
The adder closely misses you.
You feel sick. The adder bites you but does no damage.
The giant cockroach barely misses you. Sigmund closely misses you.
The kobold hits you with a +0 dagger.
* * * LOW HITPOINT WARNING * * *
The adder bites you.
You die...

# #.> ## #. #.)
#.. ..#
#.##..####.# ..#
#....).....##..#
......#.......#
#..#.......#.#..
#...............
#...B.K.# #.#
#.#.S@#.# ...
#.#.S.# ##@#
#.##@## ..#
#)##.# #.#
#.##.# #.#
####.##.# #.#
#....##.######.#
#<#####....@...#
#.# #..#######


You could see Sigmund (invisible), 2 adders, a giant cockroach and a kobold.

Vanquished Creatures
  A leopard gecko (D:1)
  A ball python (D:1)
  2 giant cockroaches (D:1)
  A goblin (D:1)
  3 hobgoblins (D:1)
  3 kobolds
  2 bats (D:1)
  2 frilled lizards (D:1)
  3 rats (D:1)
18 creatures vanquished.

Notes
Turn   | Place    | Note
-------+----------+-------------------------------------------
     0 | D:1      | FrothyCoffee the Naga Transmuter began the quest for the
                  | Orb.
     0 | D:1      | Reached XP level 1. HP: 18/18 MP: 3/3
   351 | D:1      | Reached XP level 2. HP: 25/25 MP: 3/5
   473 | D:1      | Reached skill level 1 in Stealth
   597 | D:1      | Found a broken altar of Ashenzari.
  1058 | D:2      | Learned a level 2 spell: Wereblood
  1158 | D:2      | Noticed Sigmund
  1182 | D:2      | Slain by an adder

Illustrated notes

Levels and vault maps discovered:
D:1:      evilmike_arrival_rings, layout_basic, minmay_misc_feat_hallway,
          evilmike_ruin_ashenzari
D:2:      layout_loops_ring, uniq_sigmund

Skill      XL: |  1  2 |
---------------+-------+-----
Stealth        | 1 |  1.5
Fighting       | |  1.2
Dodging        | |  1.5
Unarmed Combat | |  3.1
Spellcasting   | |  2.1
Transmutations | |  2.4

Action                   || total
-------------------------++-------
Melee: Unarmed           ||    31
       Headbutt          ||     2
       Punch             ||     1
Throw: Dart              ||     7
       Stone             ||     3
 Cast: Beastly Appendage ||     9
 Abil: Spit Poison       ||    14
  Use: Scroll            ||     2
       Potion            ||     1
Armor: Robe              ||    11
Dodge: Dodged            ||    28

Table legend: (Time is in decaauts)
 A = Elapsed time spent in this place.
 B = Non-inter-level travel time spent in this place.
 C = Inter-level travel time spent in this place.
 D = Time resting spent in this place.
 E = Time spent auto-exploring this place.
 F = Levels seen in this place.
 G = Mean time per level.
                   A        B        C        D        E       F      G
               +--------+--------+--------+--------+--------+-----+--------+
         Total |   1488 |   1413 |     75 |    234 |    787 |   2 |  744.0 |
       Dungeon |   1488 |   1413 |     75 |    234 |    787 |   2 |  744.0 |
               +--------+--------+--------+--------+--------+-----+--------+

Top non-repeatable levels by time:
     D:1: 1273 daAuts
     D:2: 215 daAuts
